 Dungeon Crawl Stone Soup version 0.30-a0-739-gea05faddec (webtiles) character file.

Game seed: 11522730269727144758

4797 Esekla the Covert (level 10, -8/69 HPs)
             Began as an Octopode Delver on Feb 5, 2023.
             Was an Initiate of Gozag.
             Mangled by an orc warrior
             ... wielding a +0 short sword
              (13 damage)
             ... on level 9 of the Dungeon.
             The game lasted 00:51:37 (8561 turns).

Esekla the Covert (Octopode Delver)                 Turns: 8561, Time: 00:51:38

Health: -8/69      AC:  7    Str: 12    XL:     10   Next: 48%
Magic:  15/17      EV: 15    Int: 16    God:    Gozag
Gold:   872        SH:  0    Dex: 14    Spells: 15/18 levels left

rFire   . . .      SeeInvis .    a - +3 great sword
rCold   . . .      Faith    .    (shield currently unavailable)
rNeg    . . .      Spirit   .    (helmet restricted)
rPois   .          Reflect  .    d - amulet of the acrobat
rElec   .          Harm     .    t - ring of resist corrosion
rCorr   +          Rampage  .    (no ring)
Will    .....                    (no ring)
Stlth   +++++                    (no ring)
HPRegen 0.31/turn                (no ring)
MPRegen 0.15/turn                (no ring)
                                 (no ring)
                                 (no ring)

@: ice-armoured, about to teleport, gold aura, hasted, studying Hexes, very
quick
A: almost no armour, amphibious, 8 rings, camouflage 1, gelatinous body 1,
(nimble swimmer 1), tentacles
a: Renounce Religion, Potion Petition, Call Merchant, Bribe Branch


You were on level 9 of the Dungeon.
You worshipped Gozag.
Gozag was pleased with you.
You visited 1 branch of the dungeon, and saw 9 of its levels.
You also visited: Sewer and Bailey.

You collected 1705 gold pieces.
You spent 374 gold pieces at shops.
You paid 459 gold pieces to Gozag.

Inventory:

Hand Weapons
 a - a +3 great sword (weapon)
 r - a +0 spear
 x - a +0 scimitar
Missiles
 h - 17 poisoned darts
 I - 2 boomerangs (quivered)
Jewellery
 d - an amulet of the acrobat (around mantle)
 t - a ring of resist corrosion (left tentacle)
Wands
 f - a wand of digging (3)
 p - a wand of paralysis (16)
 y - a wand of flame (20)
 A - a wand of quicksilver (8)
Scrolls
 b - 3 scrolls of fog
 c - 2 scrolls of magic mapping
 g - a scroll of noise {unknown}
 i - 2 scrolls of vulnerability {unknown}
 j - a scroll of enchant armour {unknown}
 k - 2 scrolls of teleportation
 z - a scroll of amnesia {unknown}
 B - a scroll of immolation {unknown}
 C - 2 scrolls of poison {unknown}
 F - a scroll of summoning {unknown}
 G - a scroll of silence {unknown}
 H - a scroll of enchant weapon {unknown}
Potions
 l - 2 potions of cancellation {unknown}
 n - 2 potions of flight {unknown}
 o - 2 potions of lignification {unknown}
 q - a potion of attraction {unknown}
 v - 2 potions of magic {unknown}
 w - 2 potions of mutation {unknown}
 D - a potion of brilliance {unknown}


   Skills:
 * Level 6.9 Fighting
 + Level 2.4(6.0) Short Blades
 * Level 8.8(9.0) Long Blades
 + Level 0.1 Polearms
 + Level 2.6 Throwing
 * Level 5.3 Dodging
 - Level 9.2 Stealth
 * Level 4.7 Spellcasting
 * Level 4.8 Ice Magic
 + Level 0.6 Evocations


You had 15 spell levels left.
You knew the following spells:

 Your Spells              Type           Power      Damage    Failure   Level
a - Ozocubu's Armour      Ice            19%        N/A       6%          3

Your spell library contained the following spells:

 Spells                   Type           Power      Damage    Failure   Level
 Magic Dart               Conj           12%        1d3       16%         1
 Lesser Beckoning         Tloc           6%         N/A       24%         2
 Searing Ray              Conj           6%         2d4       24%         2
 Gell's Gravitas          Tloc           3%         N/A       43%         3
 Teleport Other           Tloc           3%         N/A       43%         3
 Fulminant Prism          Conj/Hex       1%         3d5       83%         4
 Metabolic Englaciation   Hex/Ice        5%         N/A       85%         5
 Conjure Ball Lightning   Conj/Air       1%         3x3d6     100%        6
 Discord                  Hex            1%         N/A       100%        8
 Disjunction              Tloc           1%         N/A       100%        8
 Simulacrum               Ice/Necr       Unusable   N/A       N/A         6

Dungeon Overview and Level Annotations

Branches:
Dungeon (9/15)             Temple (0/1) D:7           Sewer (visited)
 Bailey (visited)
   Lair: D:8-11         Orc: D:9-12

Altars:
Fedhas
Gozag
Kikubaaqudgha
Nemelex Xobeh
Uskayaw
Wu Jian
Xom

Shops:
D:2 :   D:3 [   D:7 ((

Annotations:
D:8 3 runed translucent doors, Esekla's ghost, journeyman OpDe
D:9 Maurice


Innate Abilities, Weirdness & Mutations

You cannot wear most types of armour.
You are amphibious.
You can wear up to eight rings at the same time.
Your skin changes colour to match your surroundings (Stealth+).
Your rubbery body absorbs attacks. (AC +1, EV +1)
((You are camouflaged when in or above water. (Stealth+)))
You have tentacles for arms and can constrict up to eight enemies at once.


Message History

The orc priest invokes the aid of Beogh against you.
Beogh smites you! The orc barely misses you. The kobold barely misses you.
You feel yourself speed up. The kobold closely misses you. Something hits you.
The kobold hits you but does no damage. The orc hits you but does no damage.
The kobold barely misses you. x2; The kobold hits you with a +0 dagger.
* * * LOW HITPOINT WARNING * * *
You slash the orc priest! You grab the orc priest.
The orc priest is almost dead.
You constrict the orc priest, but do no damage.
Something hits you but does no damage. The kobold misses you.
The orc closely misses you. The orc priest barely misses you.
The kobold closely misses you. x3; The kobold barely misses you.
You barely miss the orc. Your grab misses the orc.
You constrict the orc priest, but do no damage.
The kobold closely misses you. The orc barely misses you.
The kobold barely misses you. The kobold completely misses you.
The orc priest miscasts a cantrip.
The kobold misses you. The kobold hits you with a +0 dagger.
* * * LOW HITPOINT WARNING * * *
The kobold hits you with a +0 club.
* * * LOW HITPOINT WARNING * * *
The kobold hits you with a +0 dagger.
* * * LOW HITPOINT WARNING * * *
The orc warrior completely misses you. The kobold closely misses you.
The orc priest calls down the wrath of Beogh upon you.
Beogh smites you!
* * * LOW HITPOINT WARNING * * *
The kobold hits you with a +0 dagger.
* * * LOW HITPOINT WARNING * * *
The orc hits you but does no damage. The kobold closely misses you.
Okay, then.
As you read the scroll labelled ICEALU LAGU, it crumbles to dust.
You feel strangely unstable.
It was a scroll of teleportation.
You feel yourself speed up.
You constrict the orc priest. The orc priest barely misses you.
The kobold hits you with a +0 dagger.
* * * LOW HITPOINT WARNING * * *
The orc warrior hits you with a +0 short sword!
You die...
Your body crumbles into a pile of gold.

#..................<.
#....................
#.........#####..####
#.........# #..#
#.........# #..#
#.........# #..#
#.........# #..#
#..Koo....#####..####
#..K@K............<..
#..oKK...............
#...{...########..###
#.......# #.ยง#
#.......# #..#
#.......# #.o#
#.......# #.o###
#.......# #KK.o.
#.......########o.{.o


You could see an orc warrior, an orc priest, an orc and 5 kobolds.

Vanquished Creatures
  Pikel (D:5)
  A deep elf pyromancer (Bailey)
  An orc knight (Bailey)
  Sigmund (D:3)
  A wyvern (D:9)
  6 orc warriors
  7 black bears
  Pargi (Sewer)
  2 ice beasts
  3 centaurs
  A phantom (D:7)
  A lemure (D:5)
  3 kobold brigands
  2 bullfrogs
  A necrophage (D:7)
  2 scorpions
  5 wights
  A howler monkey (D:4)
  5 hounds
  A jelly (D:7)
  An iguana (D:6)
  Natasha (thrice) (D:3)
  An orc wizard (D:8)
  7 gnolls
  6 adders
  A river rat (D:3)
  A white imp (D:6)
  4 worms
  2 dart slugs
  23 orcs
  6 ball pythons
  4 bats
  2 bat zombies (D:6)
  8 endoplasms
  3 giant cockroaches
  11 goblins
  3 hobgoblins
  10 jackals
  5 quokkas
  9 frilled lizards
  18 kobolds
  2 rats
176 creatures vanquished.

Notes
Turn   | Place    | Note
-------+----------+-------------------------------------------
     0 | D:5      | Esekla the Octopode Delver began the quest for the Orb.
     0 | D:5      | Reached XP level 1. HP: 16/16 MP: 1/1
    41 | D:5      | Found an opulent altar of Gozag.
    48 | D:5      | Became a worshipper of Gozag Ym Sagoz the Greedy
   125 | D:3      | Noticed Sigmund
   129 | D:3      | Killed Sigmund
   130 | D:3      | Reached skill level 9 in Stealth
   130 | D:3      | Reached XP level 2. HP: 21/21 MP: 2/2
   130 | D:3      | Reached XP level 3. HP: 26/26 MP: 3/3
   130 | D:3      | Reached XP level 4. HP: 31/31 MP: 4/4
   130 | D:3      | Reached XP level 5. HP: 36/36 MP: 5/5
   195 | D:3      | Found a glowing drain.
   240 | Sewer    | Entered a sewer
   282 | Sewer    | Noticed Pargi
   463 | Sewer    | Killed Pargi
   464 | Sewer    | Reached skill level 1 in Spellcasting
   464 | Sewer    | Reached XP level 6. HP: 11/43 MP: 5/7
   725 | D:2      | Found Zuisetets's Book Shop.
  2237 | D:3      | Found Veneguid's Antique Armour Shop.
  2274 | D:3      | Reached skill level 1 in Throwing
  2301 | D:3      | Reached XP level 7. HP: 47/48 MP: 7/9
  2344 | D:2      | Bought a book of Winter for 374 gold pieces
  2348 | D:2      | Learned a level 3 spell: Ozocubu's Armour
  2504 | D:3      | Noticed Natasha
  2511 | D:3      | Killed Natasha
  2595 | D:3      | Noticed Natasha
  2601 | D:3      | Killed Natasha
  2697 | D:4      | Reached skill level 1 in Ice Magic
  2928 | D:3      | Noticed Natasha
  2940 | D:3      | Killed Natasha
  2983 | D:4      | Found the +2 ratskin cloak {*Rats rPois rN+ Str-1 Int-1
                  | Dex+1}
  3111 | D:4      | HP: 2/49 [black bear (4)]
  3464 | D:4      | Found a shimmering altar of Xom.
  3466 | D:4      | Found a shimmering altar of Xom.
  3466 | D:4      | Found a shimmering altar of Xom.
  3466 | D:4      | Found a shimmering altar of Xom.
  3470 | D:4      | Found a shimmering altar of Xom.
  3475 | D:4      | Reached skill level 1 in Short Blades
  3482 | D:4      | Found a shimmering altar of Xom.
  3484 | D:4      | Found a shimmering altar of Xom.
  4103 | D:5      | Reached XP level 8. HP: 31/54 MP: 11/11
  4199 | D:5      | Noticed Pikel
  4320 | D:5      | Killed Pikel
  4321 | D:5      | Reached skill level 5 in Fighting
  4321 | D:5      | Reached skill level 5 in Long Blades
  4794 | D:6      | Reached XP level 9. HP: 47/61 MP: 13/13
  5511 | D:6      | Found an ancient bone altar of Kikubaaqudgha.
  5803 | D:7      | Found Soyceyv's Antique Weapon Shop.
  5978 | D:7      | Found a flagged portal.
  6026 | D:7      | Found a staircase to the Ecumenical Temple.
  6026 | D:7      | Found a hide-covered altar of Uskayaw.
  6048 | D:7      | Found a sparkling altar of Nemelex Xobeh.
  6120 | Bailey   | Entered a bailey
  6189 | Bailey   | Found a large runed translucent door.
  6189 | Bailey   | Found a large runed translucent door.
  6189 | Bailey   | Noticed an orc knight
  6190 | Bailey   | Noticed a deep elf pyromancer
  6271 | Bailey   | HP: 1/62 [orc warrior/+0 halberd (15)]
  6687 | Bailey   | Killed an orc knight
  6688 | Bailey   | Reached XP level 10. HP: 69/69 MP: 14/16
  6717 | Bailey   | Reached skill level 5 in Dodging
  6865 | Bailey   | Killed a deep elf pyromancer
  6946 | Bailey   | Identified the ring of Naonafih {*Corrode rC+ Str+5 Int+6}
  7535 | D:8      | Found an ornate altar of the Wu Jian Council.
  7654 | D:8      | Found a blossoming altar of Fedhas.
  7815 | D:8      | Found a runed translucent gate.
  7815 | D:8      | Found a runed translucent gate.
  7816 | D:8      | Found a runed translucent gate.
  7821 | D:8      | Noticed a spectral unseen horror
  7966 | D:8      | Noticed Esekla's ghost (journeyman OpDe)
  7993 | D:9      | Noticed Maurice
  8374 | D:9      | Noticed a two-headed ogre
  8561 | D:9      | Mangled by an orc warrior

Illustrated notes

Levels and vault maps discovered:
D:1:      minmay_arrival_loop, layout_basic
D:2:      layout_basic, serial_shops, shop
D:3:      layout_loops_corners, cheibrodos_sewer_entry_sluice, serial_shops,
          shop, uniq_natasha, uniq_sigmund
D:4:      layout_basic, nicolae_xom_altar_mimics, minmay_misc_feat_plants
D:5:      layout_loops_ring, grunt_gozag_statues, uniq_pikel
D:6:      layout_loops_corners, lemuel_zombie_altar_kikubaaqudgha,
          minmay_misc_feat_tiny, grunt_ministairs_3,
          nicolae_kite_square_tiling_tiny, kennysheep_donut,
          kennysheep_generic_room_5
D:7:      layout_loops_cross, nicolae_overflow_hidden_temple,
          mainiacjoe_overflow_alcove_2, minmay_temple_entry_wispy,
          enter_bailey_2, serial_shops, nicolae_shop_trees, fountainhead
D:8:      layout_cave_pools, mainiacjoe_overflow_surrounded_room,
          old_standard_altar, gammafunk_ghost_necromancy
D:9:      lemuel_flame_loot_2, layout_small_grid, uniq_maurice

Skill      XL: |  1  2  3  4  5  6  7  8  9 10 |
---------------+-------------------------------+-----
Stealth        | 9 |  9.2
Spellcasting   | 1 2 4 |  4.7
Long Blades    | 3 4 6 8 |  8.8
Fighting       | 4 5 6 |  6.9
Throwing       | 1 2 |  2.6
Dodging        | 3 4 5 |  5.3
Ice Magic      | 1 3 4 |  4.8
Short Blades   | 1 2 |  2.4
Polearms       | |  0.1
Evocations     | |  0.6

Action                     |  1- 3 |  4- 6 |  7- 9 | 10-12 || total
---------------------------+-------+-------+-------+-------++-------
  Melee: Dagger            |     2 |    44 |    35 |     3 ||    84
         Constrict         |     1 |    24 |    39 |     8 ||    72
         Tentacles         |     1 |    16 |    47 |     9 ||    73
         Falchion          |       |    98 |    95 |       ||   193
         Punch             |       |     3 |     1 |     1 ||     5
         Spear             |       |       |     4 |     4 ||     8
         Great sword       |       |       |    43 |    49 ||    92
  Throw: Dart              |       |    12 |    24 |     9 ||    45
         Boomerang         |       |       |       |     1 ||     1
   Cast: Ozocubu's Armour  |       |       |    14 |    11 ||    25
 Invoke: Call Merchant     |       |       |     1 |       ||     1
  Evoke: Wand              |       |       |     2 |     2 ||     4
    Use: Potion            |       |     2 |       |     3 ||     5
         Scroll            |       |       |     2 |     2 ||     4
   Stab: Sleeping          |     2 |    28 |    29 |     1 ||    60
         Invisible         |       |     1 |       |       ||     1
         Distracted        |       |       |     2 |       ||     2
         Paralysed         |       |       |       |     1 ||     1
 Armour: Skin              |       |    14 |    33 |    29 ||    76
  Dodge: Dodged            |       |    99 |   117 |   100 ||   316

Table legend: (Time is in decaauts)
 A = Elapsed time spent in this place.
 B = Non-inter-level travel time spent in this place.
 C = Inter-level travel time spent in this place.
 D = Time resting spent in this place.
 E = Time spent auto-exploring this place.
 F = Levels seen in this place.
 G = Mean time per level.
                   A        B        C        D        E       F      G
               +--------+--------+--------+--------+--------+-----+--------+
         Total |   8548 |   8388 |    160 |   1367 |   2168 |  11 |  777.1 |
       Dungeon |   7331 |   7171 |    160 |   1159 |   2168 |   9 |  814.6 |
         Sewer |    339 |    339 |      0 |    104 |      0 |   1 |  339.0 |
        Bailey |    877 |    877 |      0 |    104 |      0 |   1 |  877.0 |
               +--------+--------+--------+--------+--------+-----+--------+

Top non-repeatable levels by time:
     D:6: 1234 daAuts
     D:3: 1111 daAuts
     D:5: 979 daAuts
     D:4: 886 daAuts
  Bailey: 877 daAuts
     D:8: 848 daAuts
     D:7: 807 daAuts
     D:1: 721 daAuts
     D:2: 518 daAuts
   Sewer: 339 daAuts
     D:9: 223 daAuts
